AoeStats
← umbra.blade1

Oasis

509221836Analyzed
4v4 RM · 8d ago on Sep 26, 2026· 29m 44s· 8 players
Game mode
Random Map
Map size
Large (8 player)
Population
200
Speed
Normal
Resources
Standard
Victory
Conquest
Starting age
Dark Age
Ending age
Imperial Age
RankedLock teamsTeams togetherTeam positionsShared explorationLock speedFull tech treeHidden civsTurbo modeCheats
Victory
Defeat
🇦🇷 Cumans · Argentina
1148
+13
🇬🇧 Britons · United Kingdom
1142
+13
🇹🇷 Mongols · Türkiye
1080
+16
🇨🇦 Hindustanis · Canada
1006
+20
🇲🇽 Khitans · Mexico
1100
-16
🇨🇦 Bengalis · Canada
1087
-16
🇺🇸 Jurchens · United States
1079
-15
🇺🇸 Magyars · United States
1064
-15
Level 2 Slime
9:09 Loom
10:54 Feudal Age
15:20 Castle Age
14:06 Horse Collar
17:52 Double-Bit Axe
25:12 Bow Saw
27:16 Fletching
Hammer
4:31 Loom
10:23 Feudal Age
18:32 Castle Age
16:48 Double-Bit Axe
17:23 Horse Collar
18:34 Stone Mining
23:56 Wheelbarrow
24:04 Heavy Plow
26:18 Fletching
27:51 Bodkin Arrow
28:13 Corvinian Army
29:45 Hand Cart
saiko
9:40 Loom
11:25 Feudal Age
9:58 Loom
11:45 Feudal Age
17:28 Castle Age
18:02 Double-Bit Axe
20:19 Bow Saw
19:51 Horse Collar
22:25 Gold Mining
28:03 Padded Archer Armor
27:56 Fletching
28:48 Heavy Plow
29:14 Leather Archer Armor
29:36 Ballistics
KINGUARDIANS
7:21 Loom
10:20 Feudal Age
17:28 Domestication
17:35 Double-Bit Axe
19:59 Castle Age
20:04 Scale Barding Armor
22:35 Husbandry
22:57 Forging
24:11 Bow Saw
24:05 Pastoralism
24:37 Town Watch
26:41 Iron Casting
28:02 Chain Barding Armor
30:27 Wheelbarrow
Big Naturals
6:15 Loom
14:16 Feudal Age
14:54 Double-Bit Axe
17:55 Castle Age
16:14 Forging
17:01 Horse Collar
17:51 Scale Mail Armor
20:46 Chain Mail Armor
23:47 Arson
27:17 Iron Casting
29:47 Wheelbarrow
umbra.blade1
9:40 Feudal Age
10:16 Loom
10:17 Horse Collar
10:23 Double-Bit Axe
17:01 Man-at-Arms
21:48 Castle Age
21:14 Wheelbarrow
20:06 Man-at-Arms
22:00 Fletching
24:54 Wheelbarrow
24:05 Town Watch
FirstPine3880
7:01 Loom
9:28 Feudal Age
15:08 Double-Bit Axe
15:48 Horse Collar
16:03 Fletching
22:15 Castle Age
22:56 Wheelbarrow
22:47 Padded Archer Armor
22:53 Bodkin Arrow
22:21 Crossbowman
24:07 Heavy Plow
24:20 Bow Saw
30:23 Ballistics
30:22 Leather Archer Armor
lucasferraro.lp
0:48 Loom
9:59 Feudal Age
16:59 Double-Bit Axe
22:45 Castle Age
21:39 Scale Barding Armor
22:02 Gold Mining
22:34 Bloodlines
22:13 Horse Collar
23:59 Wheelbarrow
25:48 Forging
26:34 Hand Cart
27:22 Iron Casting
28:01 Heavy Plow
28:14 Bow Saw
28:12 Stone Mining
29:55 Town Watch
Connection lost

Rejoining the realm…

Still unreachable

The connection could not be restored.

Session expired

The server has moved on; the page needs a fresh start.